 Dungeon Crawl Stone Soup version 0.22-a0-268-g1cc83ef (webtiles) character file.

63 KristoblXynda the Slasher (level 3, -2/29 HPs)
             Began as a Draconian Gladiator on Mar 9, 2018.
             Slain by a gnoll
             ... wielding a +0 halberd
              (7 damage)
             ... on level 2 of the Dungeon.
             The game lasted 00:03:01 (1906 turns).

KristoblXynda the Slasher (Draconian Gladiator)     Turns: 1906, Time: 00:03:01

Health: -2/29      AC:  5    Str: 16    XL:     3   Next: 87%
Magic:  3/3        EV: 13    Int:  9    God:
Gold:   119        SH:  0    Dex: 12    Spells: 2/2 levels left

rFire    . . .     SeeInvis .   a - +0 long sword
rCold    . . .     Gourm    .   (no shield)
rNeg     . . .     Faith    .   (armour unavailable)
rPois    .         Spirit   .   b - +0 hat
rElec    .         Reflect  .   (no cloak)
rCorr    .         Harm     .   (no gloves)
MR       .....                  (no boots)
Stlth    +.........             (no amulet)
HPRegen  0.09/turn              (no ring)
MPRegen  0.08/turn              (no ring)

@: lethally poisoned (-2 -> -5)
A: unfitting armour, cold-blooded, AC +5
a: no special abilities


You were on level 2 of the Dungeon.
You were not hungry.

You visited 1 branch of the dungeon, and saw 3 of its levels.

You collected 119 gold pieces.

Inventory:

Hand Weapons
 a - a +0 long sword (weapon)
Missiles
 c - 3 throwing nets (quivered)
Armour
 b - a +0 hat (worn)
Jewellery
 r - an uncursed ring of positive energy {unknown}
Scrolls
 g - 2 scrolls of teleportation {unknown}
 i - 2 scrolls of identify {unknown}
 k - a scroll of remove curse {unknown}
 l - a scroll of immolation {unknown}
 m - a scroll of random uselessness {unknown}
 n - a scroll of enchant armour {unknown}
 o - a scroll of fog {unknown}
 p - a scroll of amnesia {unknown}
Potions
 e - a potion of ambrosia {unknown}
 f - a potion of curing {unknown}
 h - a potion of brilliance {unknown}
 j - a potion of agility {unknown}
 q - a potion of degeneration {unknown}
Comestibles
 d - 3 rations


   Skills:
 - Level 2.1 Fighting
 * Level 3.9 Long Blades
 - Level 2.3 Throwing
 + Level 3.3 Dodging


You had 2 spell levels left.
You didn't know any spells.

Dungeon Overview and Level Annotations

Branches:
Dungeon (3/15)

Altars:
Fedhas
Trog


Innate Abilities, Weirdness & Mutations

Your plain brown scales are hard. (AC +5)
You cannot fit into any form of body armour.
You are cold-blooded and may be slowed by cold attacks.


Message History

HP restored.
You see here a dagger.
There is a stone staircase leading down here.
You climb downwards.
A goblin and a gnoll come into view.
The worker ant closely misses you. The gnoll hits you with a halberd!
The gnoll moves out of view.
The gnoll hits you but does no damage. The orc barely misses you.
The worker ant bites you.
You are poisoned.
The worker ant poisons you!
There is a stone staircase leading up here.
You feel sick. The gnoll hits you with a halberd.
* * * LOW HITPOINT WARNING * * *
The gnoll barely misses you.
The worker ant bites you but does no damage.
The orc barely misses you.
You climb upwards.
You feel sick.
There is a stone staircase leading down here.
The gnoll hits you with a halberd!
You die...

#######(######.#.### ##
#.#####......#
.######.......#..#.#
#......######......######
##.#.#..........>.......#
#.#...#######....#####.#
##.##### #####>...### #.#
#.## #...)o>a...# #.#
..########.###.g@...# #.#
...........# ##g#...# #.#
..#############.#..## #.#
#................#.## #.#
###############.###.###.#
# #...<..## ##.##.#
###### #.#####.###.###.#
.....# #.# ##.#.## #.#
)....####.#######..# ##.#


You could see a worker ant, 2 gnolls and an orc.

Vanquished Creatures
  A gnoll (D:1)
  An adder (D:2)
  A worm (D:2)
  2 dart slugs
  A leopard gecko (D:3)
  An orc (D:3)
  A giant cockroach (D:2)
  3 goblins (D:2)
  5 hobgoblins
  3 kobolds
  2 quokkas (D:2)
  3 ball pythons (D:1)
  5 bats
  3 frilled lizards
  5 rats
37 creatures vanquished.

Notes
Turn   | Place    | Note
-------+----------+-------------------------------------------
     0 | D:1      | KristoblXynda the Draconian Gladiator began the quest for the Orb.
     0 | D:1      | Reached XP level 1. HP: 17/17 MP: 1/1
   127 | D:1      | Reached XP level 2. HP: 23/24 MP: 2/2
   427 | D:1      | Reached XP level 3. HP: 23/29 MP: 3/3
   487 | D:2      | Found a blossoming altar of Fedhas.
  1117 | D:2      | Found a bloodstained altar of Trog.
  1561 | D:3      | HP: 1/29 [orc/hand axe (6)]
  1906 | D:2      | Slain by a gnoll

Vault maps used:
D:1:      tarquinn_simple_flora_water_f
D:2:      lemuel_round_altar, lemuel_coloured_pillars_altar
D:3:      kennysheep_cluttered_room, minivault_26

Skill      XL: |  1  2 |
---------------+-------+-----
Throwing       | 2 |  2.3
Dodging        | 3 |  3.3
Fighting       | |  2.1
Long Blades    | |  3.9

Action                   || total
-------------------------++-------
Melee: Long sword        ||    80
       Tailslap          ||    11
  Eat: Ration            ||     1
Armor: Skin              ||    34
Dodge: Dodged            ||    92
       Rpst.: Long sword ||    34

Table legend:
 A = Spawn XP
 B = Non-spawn XP
 C = Spawn XP percentage of total XP
 D = Spawn monster count
 E = Non-spawn monster count
 F = Spawn count percentage of total count
 G = Total turns spent on level
                    A         B        C        D         E        F      G
               +---------+---------+-------+---------+---------+-------+---------
         Total |       0 |      90 |   0.0 |       0 |      37 |   0.0 |  1906
               +---------+---------+-------+---------+---------+-------+---------
           D:1 |       0 |      44 |   0.0 |       0 |      20 |   0.0 |   677
           D:2 |       0 |      39 |   0.0 |       0 |      14 |   0.0 |  1095
           D:3 |       0 |       7 |   0.0 |       0 |       3 |   0.0 |   134
               +---------+---------+-------+---------+---------+-------+---------
